 Dungeon Crawl Stone Soup version 0.31-a0-263-ge8cad7f256 (webtiles) character file.

Game seed: 1193273922176904972

3208 GloriousHammer the Grappler (level 9, -2/68 HPs)
             Began as a Demigod Shapeshifter on July 13, 2023.
             Slain by a two-headed ogre
             ... wielding a +0 dire flail
              (14 damage)
             ... on level 8 of the Dungeon.
             The game lasted 00:12:22 (8262 turns).

GloriousHammer the Grappler (Demigod Shapeshifter)  Turns: 8262, Time: 00:12:23

Health: -2/68      AC: 12    Str: 24    XL:     9   Next: 38%
Magic:  11/11      EV:  9    Int: 10    God:
Gold:   456        SH:  0    Dex: 24    Spells: 8/8 levels left

rFire   . .          .
                       - Unarmed
rCold   . . .        (no shield)
rNeg    . . .        y - +0 chain mail
rPois   .            (helmet currently unavailable)
rElec   .            (cloak currently unavailable)
rCorr   .            (gloves currently unavailable)
SInv    .            (boots currently unavailable)
Will    .....        (no amulet) Stlth
                     T - +4 ring of protection
HPRegen 0.31/turn    D - +6 ring of dexterity
MPRegen 0.12/turn

%: no passive effects
@: beast-form
A: beast (slay +4), high MP 1, forlorn, divine attributes
a: Begin Untransformation


You were on level 8 of the Dungeon.
You were a hulking beast.
You visited 1 branch of the dungeon, and saw 8 of its levels.

You collected 456 gold pieces.

Inventory:

Hand Weapons
 a - a +0 orcbow
Missiles
 s - 5 boomerangs
Armour
 k - a +0 helmet
 t - a +0 cloak
 y - a +0 chain mail (worn)
 I - a +1 pair of gloves
Jewellery
 v - a ring of see invisible
 D - a +6 ring of dexterity (right hand)
 N - a ring of positive energy
 T - a +4 ring of protection (left hand)
Talismans
 c - a beast talisman
Wands
 l - a wand of charming (32)
Scrolls
 d - a scroll of acquirement {unknown}
 e - 2 scrolls of vulnerability {unknown}
 h - a scroll of teleportation {unknown}
 i - 2 scrolls of identify
 j - 2 scrolls of fog
 o - a scroll of revelation {unknown}
 q - 2 scrolls of poison
 r - 2 scrolls of blinking
 u - 2 scrolls of fear {unknown}
 x - a scroll of amnesia {unknown}
Potions
 b - 2 potions of lignification
 f - 2 potions of degeneration
 g - 3 potions of mutation
 m - a potion of ambrosia
 n - 2 potions of heal wounds
 p - a potion of curing {unknown}
 w - a potion of resistance {unknown}
 z - 2 potions of might {unknown}


   Skills:
 + Level 2.8 Fighting
 + Level 2.0 Armour
 - Level 1.7 Dodging
 * Level 10.0 Unarmed Combat
 + Level 6.4 Shapeshifting


You had 8 spell levels left.
You didn't know any spells.
Your spell library contained the following spells:

 Spells                   Type           Power      Damage    Failure   Level
 Cigotuvi's Dreadful Rot  Necr/Pois/Air  0%         N/A       98%         2
 Ignite Poison            Fire/Tmut/Pois 0%         N/A       100%        3
 Freezing Cloud           Conj/Ice/Air   0%         6-21      100%        5


Dungeon Overview and Level Annotations

Branches:
Dungeon (8/15)             Temple (0/1) D:6
   Lair: D:8-11

Annotations:
D:5 Duvessa, Pikel
D:6 2 transporters, AwFulAwFulPlayer's ghost, novice TrBe


Innate Abilities, Weirdness & Mutations

You are a hulking beast.
Your limbs bulge with bestial killing power. (Slay +4)
You have an increased reservoir of magic. (+10% MP)
You shall have no god before yourself.
Your divine heritage dramatically boosts your attributes as you level up.


Message History

You punch the scorpion!
You kill the scorpion!
There is a stone staircase leading down here.
HP restored.
A scorpion comes into view.
A scorpion is nearby!
There is a stone staircase leading down here.
You start waiting.
A scorpion is nearby!
You hit the scorpion.
The scorpion is lightly wounded.
The scorpion stings you but does no damage.
You hit the scorpion.
The scorpion is moderately wounded.
You hit the scorpion.
The scorpion is heavily wounded.
The scorpion stings you but does no damage.
You closely miss the scorpion.
The scorpion is heavily wounded.
The scorpion stings you but does no damage.
You hit the scorpion.
The scorpion is severely wounded.
The scorpion stings you but does no damage.
You closely miss the scorpion. Your punch misses the scorpion.
The scorpion is severely wounded.
The scorpion stings you.
You closely miss the scorpion.
The scorpion is severely wounded.
The scorpion stings you but does no damage.
You punch the scorpion!
You kill the scorpion!
Your Unarmed Combat skill increases to level 10!
HP restored.
There is a stone staircase leading down here.
An orc comes into view. It is wielding a +0 hand axe.
An orc is nearby!
An orc priest comes into view. It is wielding a +0 dagger.
The orc priest shouts!
An orc comes into view.
It is wielding a +0 mace and wearing a +0 chain mail of willpower.
An orc comes into view. It is wielding a +0 club.
The orc shouts! x2
A bullfrog comes into view.
The orc barely misses you.
The bullfrog gives a loud, deep croak!
You punch the orc!
You kill the orc!
You pummel the orc priest!!
You kill the orc priest!
You punch the orc!
You kill the orc!
The orc hits you but does no damage.
Items here: ))) [[.
You punch the orc!
You kill the orc!
The bullfrog closely misses you.
You hit the bullfrog.
The bullfrog is lightly wounded.
The bullfrog misses you.
You barely miss the bullfrog. You punch the bullfrog!
The bullfrog is almost dead.
The bullfrog hits you but does no damage.
You punch the bullfrog!
You kill the bullfrog!
Your Armour skill increases to level 2!
Items here: ) [ ††.
r - 2 scrolls of blinking (gained 1)
p - a clear potion
v - a ring of see invisible;
z - 2 fizzy dark potions
Found a pair of gloves.
A two-headed ogre comes into view. It is wielding two +0 dire flails.
The two-headed ogre shouts in stereo!
A two-headed ogre is nearby!
A two-headed ogre is nearby!
The two-headed ogre hits you but does no damage.
The two-headed ogre hits you with a +0 dire flail!
You hit the two-headed ogre.
The two-headed ogre is lightly wounded.
You punch the two-headed ogre!
The two-headed ogre is lightly wounded.
The two-headed ogre hits you but does no damage.
The two-headed ogre hits you with a +0 dire flail!
You hit the two-headed ogre.
The two-headed ogre is moderately wounded.
You hit the two-headed ogre but do no damage.
The two-headed ogre is moderately wounded.
The two-headed ogre hits you with a +0 dire flail!!
The two-headed ogre barely misses you.
You punch the two-headed ogre!
The two-headed ogre is heavily wounded.
You hit the two-headed ogre. You punch the two-headed ogre.
The two-headed ogre is heavily wounded.
The two-headed ogre hits you with a +0 dire flail!
* * * LOW HITPOINT WARNING * * *
The two-headed ogre closely misses you.
You punch the two-headed ogre!
The two-headed ogre is severely wounded.
The two-headed ogre hits you with a +0 dire flail.
* * * LOW HITPOINT WARNING * * *
The two-headed ogre hits you with a +0 dire flail!
You die...

#..#####.###...####..#
#..### #.# #...####..#
#....# #.# #..........
#..#.###.# #..#####...
##......P.# #.##
##P...P.PP.. #.#
#P...P.P.... #.#
##...P....P..P#.######.#
#...P.PPP...P...hO......
..PP.P####.............#
#.....# #P.....#.####.#
..PP.P# +...P..#[#
#..PP.# #..P...#.#
#..P.......P.P.##.#
##..P.P......P# .#
......P.PPP.. .# .......


You could see a two-headed ogre.

Vanquished Creatures
  Grinder (D:6)
  A wyvern (D:8)
  2 steam dragons
  Edmund (D:6)
  2 water moccasins
  A sky beast (D:7)
  A black bear (D:5)
  4 ice beasts
  2 ogres
  2 centaurs
  2 lemures
  A kobold brigand (D:8)
  4 bullfrogs
  2 scorpions (D:8)
  3 wights (D:7)
  Dowan (D:5)
  A howler monkey (D:7)
  3 jellies
  2 orc priests
  4 hounds
  3 sleepcaps
  3 iguanas
  4 orc wizards
  3 gnolls (D:7)
  7 adders
  An ufetubus (D:6)
  A dart slug (D:4)
  18 orcs
  5 bats
  11 endoplasms
  3 giant cockroaches (D:1)
  5 goblins
  8 hobgoblins
  9 kobolds
  2 quokkas
  9 ball pythons
  A frilled lizard (D:1)
  7 rats
140 creatures vanquished.

Notes
Turn   | Place    | Note
-------+----------+-------------------------------------------
     0 | D:1      | GloriousHammer the Demigod Shapeshifter began the quest for
                  | the Orb.
     0 | D:1      | Reached XP level 1. HP: 17/17 MP: 3/3
    76 | D:1      | Reached skill level 2 in Unarmed Combat
   225 | D:1      | Reached XP level 2. HP: 21/24 MP: 4/4
   908 | D:2      | Reached XP level 3. HP: 29/29 MP: 5/5
   931 | D:2      | Reached skill level 3 in Unarmed Combat
  1740 | D:3      | Reached XP level 4. HP: 33/36 MP: 6/6
  1775 | D:3      | Reached skill level 4 in Unarmed Combat
  2396 | D:4      | Reached XP level 5. HP: 14/41 MP: 7/7
  3070 | D:4      | Reached skill level 5 in Unarmed Combat
  3217 | D:4      | Reached XP level 6. HP: 48/48 MP: 8/8
  3704 | D:5      | Entered Level 5 of the Dungeon
  3984 | D:5      | Noticed Dowan
  3993 | D:5      | Noticed Duvessa
  4018 | D:5      | Killed Dowan
  4443 | D:5      | Reached skill level 6 in Unarmed Combat
  4555 | D:5      | Reached XP level 7. HP: 46/53 MP: 9/9
  5055 | D:5      | Noticed Pikel
  5244 | D:6      | Noticed AwFulAwFulPlayer's ghost (novice TrBe)
  5299 | D:6      | Found a transporter.
  5306 | D:6      | Noticed Grinder
  5332 | D:6      | Paralysed by Grinder for 5 turns
  5349 | D:6      | Killed Grinder
  5350 | D:6      | Reached skill level 7 in Unarmed Combat
  5573 | D:6      | Reached skill level 5 in Shapeshifting
  5663 | D:6      | Reached XP level 8. HP: 60/60 MP: 10/10
  5684 | D:6      | Noticed Edmund
  5888 | D:6      | Found a staircase to the Ecumenical Temple.
  5925 | D:6      | Found a transporter.
  5960 | D:6      | Killed Edmund
  5961 | D:6      | Reached skill level 8 in Unarmed Combat
  6972 | D:7      | Reached skill level 9 in Unarmed Combat
  7638 | D:7      | Reached XP level 9. HP: 67/67 MP: 11/11
  7870 | D:8      | Reached skill level 1 in Armour
  8189 | D:8      | Reached skill level 10 in Unarmed Combat
  8254 | D:8      | Noticed a two-headed ogre
  8262 | D:8      | Slain by a two-headed ogre

Illustrated notes

Levels and vault maps discovered:
D:1:      saegor_arrival_simple_c, layout_basic, kennysheep_minor_cross,
          minmay_misc_feat_tiny
D:2:      layout_rooms, nrook_loot_triangle
D:3:      layout_basic, mainiacjoe_overflow_paths,
          gammafunk_temple_overflow_wave
D:4:      layout_basic, marbit_many_paths, mainiacjoe_overflow_boulevard
D:5:      layout_basic, mainiacjoe_overflow_24_doors, nicolae_ru_path_of_blood,
          lemuel_crystal_altar, kennysheep_doodads, minmay_misc_feat_iff,
          uniq_pikel, uniq_crazy_yiuf_cottage, uniq_duvessa
D:6:      layout_cave_pools, minmay_temple_entry_glass,
          gammafunk_ghost_stat_death, uniq_edmund, uniq_grinder
D:7:      layout_loops_ring
D:8:      layout_loops_ring, grunt_lair_entry_orc_guard_hut

Skill      XL: |  1  2  3  4  5  6  7  8  9 |
---------------+----------------------------+-----
Unarmed Combat | 2 3 4 5 6 7 9 10 | 10.0
Shapeshifting  | 3 4 5 6 |  6.4
Fighting       | 2 |  2.8
Armour         | 2 |  2.0
Dodging        | |  1.7

Action                     |  1- 3 |  4- 6 |  7- 9 || total
---------------------------+-------+-------+-------++-------
  Melee: Unarmed           |   177 |   127 |   237 ||   541
         Punch             |     2 |     3 |    14 ||    19
   Fire: Orcbow            |       |     8 |     4 ||    12
  Evoke: Wand              |       |     1 |     1 ||     2
    Use: Scroll            |       |     3 |     4 ||     7
   Stab: Sleeping          |     2 |     3 |       ||     5
 Armour: Animal skin       |    55 |    35 |    19 ||   109
         Chain mail        |       |       |    49 ||    49
         Ring mail         |       |       |     2 ||     2
  Dodge: Dodged            |   119 |    41 |    91 ||   251

Table legend: (Time is in decaauts)
 A = Elapsed time spent in this place.
 B = Non-inter-level travel time spent in this place.
 C = Inter-level travel time spent in this place.
 D = Time resting spent in this place.
 E = Time spent auto-exploring this place.
 F = Levels seen in this place.
 G = Mean time per level.
                   A        B        C        D        E       F      G
               +--------+--------+--------+--------+--------+-----+--------+
         Total |   8203 |   7820 |    383 |   1996 |   4390 |   8 | 1025.4 |
       Dungeon |   8203 |   7820 |    383 |   1996 |   4390 |   8 | 1025.4 |
               +--------+--------+--------+--------+--------+-----+--------+

Top non-repeatable levels by time:
     D:6: 1536 daAuts
     D:5: 1354 daAuts
     D:4: 1319 daAuts
     D:7: 1149 daAuts
     D:3: 1088 daAuts
     D:1: 826 daAuts
     D:8: 473 daAuts
     D:2: 454 daAuts
